 Dungeon Crawl Stone Soup version 0.32-a0-898-g7811c86cf0 (webtiles) character file.

Game seed: 1278281423919966053

413 KennySheep the Sneak (level 6, -1/51 HPs)
             Began as an Armataur Warper on Apr 4, 2024.
             Was a Believer of Sif Muna.
             Slain by a gnoll
             ... wielding a +0 flail
             ... led by a gnoll bouda
              (5 damage)
             ... on level 4 of the Dungeon.
             The game lasted 00:13:10 (2554 turns).

KennySheep the Sneak (Armataur Warper)              Turns: 2554, Time: 00:13:11

Health: -1/51      AC:  7    Str: 17    XL:     6   Next: 59%
Magic:  9/9        EV:  8    Int: 13    God:    Sif Muna [**....]
Gold:   79         SH:  0    Dex: 11    Spells: 10/10 levels left

rFire   + . .        a - +2 dagger (flame)
rCold   . . .        (no shield)
rNeg    . . .        b - +1 leather armour
rPois   +            (no helmet)
rElec   +            (no cloak)
rCorr   +            (no gloves)
SInv    .            (no barding)
Will    .....        (no amulet)
Stlth   ++           (no ring)
HPRegen 0.28/turn    (no ring)
MPRegen 0.11/turn

%: roll
@: resistant, weakened
A: large, deformed body, tough skin 3, armoured tail, rollpage 1, iridescent
scales 1, cold vulnerability 1
a: Renounce Religion, Channel Magic


You were on level 4 of the Dungeon.
You worshipped Sif Muna.
Sif Muna was pleased with you.
You visited 1 branch of the dungeon, and saw 4 of its levels.

You collected 79 gold pieces.

Inventory:

Hand Weapons
 a - a +2 dagger of flaming (weapon)
 f - a +0 dagger
 i - a +0 short sword
Missiles
 d - 7 darts of dispersal (quivered)
Armour
 b - a +1 leather armour (worn)
Jewellery
 e - a ring of wizardry
Wands
 l - a wand of acid (9)
 m - a wand of roots (7)
 p - a wand of polymorph (6)
Scrolls
 c - a scroll of blinking
 g - a scroll of teleportation
 j - a scroll of identify {unknown}
 o - a scroll of revelation {unknown}
Potions
 h - a potion of attraction


   Skills:
 + Level 3.1 Fighting
 + Level 3.1 Short Blades
 - Level 0.8 Throwing
 + Level 3.5 Armour
 - Level 1.3 Dodging
 * Level 4.6 Stealth
 + Level 2.6 Spellcasting
 - Level 3.0 Translocations


You had 10 spell levels left.
You didn't know any spells.
Your spell library contained the following spells:

 Spells                   Type           Power      Damage    Failure   Level
 Blink                    Tloc           18%        N/A       13%         2
 Lesser Beckoning         Tloc           18%        N/A       13%         2
 Maxwell's Portable Pile  Tloc           9%         2d(6-16)  26%         3
 Teleport Other           Tloc           9%         N/A       26%         3
 Vhi's Electric Charge    Tloc/Air       10%        N/A       83%         4


Dungeon Overview and Level Annotations

Branches:
Dungeon (4/15)
 Temple: D:4-7

Altars:
Sif Muna


Innate Abilities, Weirdness & Mutations

Armour fits poorly on your strangely shaped body.
You have extremely tough skin. (AC +3)
You have a long armoured tail.
You regenerate magic when rolling toward enemies. (Rampage MPRegen)
You are partially covered in iridescent scales. (AC +2)
You are vulnerable to cold. (rC-)


Message History

The gnoll completely misses you.
You closely miss the gnoll.
The gnoll is heavily wounded.
The gnoll hits you with a +0 whip.
You barely miss the gnoll.
Your tail-slap misses the gnoll.
The gnoll is heavily wounded.
The gnoll hits you with a +0 whip!
You hit the gnoll. You burn the gnoll.
Your tail-slap misses the gnoll.
The gnoll is severely wounded.
The gnoll hits you with a +0 whip.
You hit the gnoll. You burn the gnoll. You tail-slap the gnoll.
You kill the gnoll!
Sif Muna accepts your kill.
Your attacks no longer feel as feeble.
The gnoll hits you with a +0 flail!
It was a potion of resistance.
You feel protected. The gnoll hits you with a +0 flail.
* * * LOW HITPOINT WARNING * * *
Okay, then.
Okay, then.
You hit the gnoll but do no damage.
You tail-slap the gnoll, but do no damage.
Okay, then.
You hit the gnoll. You burn the gnoll. You tail-slap the gnoll.
The gnoll is severely wounded.
The gnoll hits you with a +0 flail.
* * * LOW HITPOINT WARNING * * *
The gnoll bouda gazes fiercely through you!
You feel your attacks grow feeble.
You hit the gnoll. You burn the gnoll.
Your tail-slap misses the gnoll.
The gnoll is almost dead.
The gnoll hits you with a +0 flail.
* * * LOW HITPOINT WARNING * * *
The gnoll bouda calls upon its god to heal the gnoll.
The gnoll is healed somewhat.
You hit the gnoll. You burn the gnoll.
The gnoll is severely wounded.
The gnoll hits you with a +0 flail.
You die...

.. .... .. ...# .##..# #.# .
..g... ### #.# ........ ..#
#o# #.#.##.#####.# #.#
#.#.##g##.)..#
##.####.#...gg@.##.#######
o......).##.#####..[.....
####.##........#####.#######
..##o# .#............#
..o..# ###.#.######## #o####
#..#.# #.# # #.##.# #o#
#.##.##.# #o### #.......#


You could see a gnoll bouda and 2 gnolls.

Vanquished Creatures
  Grinder (D:4)
  A centaur (D:4)
  2 adders (D:3)
  5 gnolls (D:4)
  2 dart slugs
  2 ribbon worms (D:2)
  5 orcs
  4 ball pythons
  3 bats
  5 endoplasms
  3 giant cockroaches
  12 goblins
  4 hobgoblins
  3 quokkas (D:3)
  3 frilled lizards
  4 kobolds
  5 rats
64 creatures vanquished.

Notes
Turn   | Place    | Note
-------+----------+-------------------------------------------
     0 | D:1      | KennySheep the Armataur Warper began the quest for the Orb.
     0 | D:1      | Reached XP level 1. HP: 17/17 MP: 3/3
   194 | D:1      | Reached skill level 1 in Stealth
   232 | D:1      | Reached XP level 2. HP: 24/24 MP: 4/4
   877 | D:2      | Gained mutation: Your health recovers twice as slowly from
                  | being drained. [potion of mutation]
   877 | D:2      | Gained mutation: You are vulnerable to cold. (rC-) [potion
                  | of mutation]
   877 | D:2      | Gained mutation: You sometimes lose your temper in combat.
                  | [potion of mutation]
   880 | D:2      | Reached skill level 2 in Stealth
   880 | D:2      | Reached XP level 3. HP: 9/29 MP: 5/5
  1008 | D:2      | Found a faded altar of an unknown god.
  1061 | D:2      | Prayed at the altar of an unknown god.
  1061 | D:2      | Became a worshipper of Sif Muna the Loreminder
  1061 | D:2      | Reached * piety under Sif Muna
  1533 | D:2      | Lost mutation: Your health recovers twice as slowly from
                  | being drained. [potion of mutation]
  1533 | D:2      | Lost mutation: You sometimes lose your temper in combat.
                  | [potion of mutation]
  1533 | D:2      | Gained mutation: You are partially covered in iridescent
                  | scales. (AC +2) [potion of mutation]
  1600 | D:3      | Noticed an ogre
  1775 | D:3      | Reached ** piety under Sif Muna
  1776 | D:3      | Reached XP level 4. HP: 36/36 MP: 6/6
  1906 | D:4      | Reached skill level 3 in Stealth
  2430 | D:4      | Noticed Grinder
  2458 | D:4      | Killed Grinder
  2459 | D:4      | Reached skill level 4 in Stealth
  2459 | D:4      | Reached XP level 5. HP: 10/44 MP: 8/8
  2459 | D:4      | Reached XP level 6. HP: 11/50 MP: 9/9
  2554 | D:4      | Slain by a gnoll

Illustrated notes

Levels and vault maps discovered:
D:1:      scummos_arrival_simple_fountains, layout_loops_ring, serial_glass,
          glass_columns_b, glass_columns_c, glass_columns_b, glass_columns_b,
          st_stairs_14
D:2:      layout_basic, serial_corexii_hall, chequers_hall_statues_y,
          chequers_hall_statues_wall_a, shapermc_ecumenical_altar_mp_vishouse
D:3:      layout_loops_ring, tso_oasis_becter
D:4:      layout_loops_cross, ebering_ghost_gozag, uniq_grinder, uniq_natasha

Skill      XL: |  1  2  3  4  5  6 |
---------------+-------------------+-----
Stealth        | 1 2 4 |  4.6
Fighting       | 2 3 |  3.1
Short Blades   | 2 3 |  3.1
Armour         | 2 3 |  3.5
Spellcasting   | 2 |  2.6
Throwing       | |  0.8
Dodging        | |  1.3
Translocations | |  3.0

Action                     |  1- 3 |  4- 6 || total
---------------------------+-------+-------++-------
  Melee: Short sword       |    24 |       ||    24
         Dagger            |   157 |    85 ||   242
         Tailslap          |    20 |     9 ||    29
    Use: Potion            |     4 |     4 ||     8
         Scroll            |     5 |       ||     5
   Stab: Sleeping          |     3 |     2 ||     5
 Armour: Leather armour    |    99 |    53 ||   152
  Dodge: Dodged            |    52 |    33 ||    85

Table legend: (Time is in decaauts)
 A = Elapsed time spent in this place.
 B = Non-inter-level travel time spent in this place.
 C = Inter-level travel time spent in this place.
 D = Time resting spent in this place.
 E = Time spent auto-exploring this place.
 F = Levels seen in this place.
 G = Mean time per level.
                   A        B        C        D        E       F      G
               +--------+--------+--------+--------+--------+-----+--------+
         Total |   2533 |   2427 |    106 |    129 |   1688 |   4 |  633.2 |
       Dungeon |   2533 |   2427 |    106 |    129 |   1688 |   4 |  633.2 |
               +--------+--------+--------+--------+--------+-----+--------+

Top non-repeatable levels by time:
     D:1: 816 daAuts
     D:2: 791 daAuts
     D:3: 658 daAuts
     D:4: 266 daAuts
